 Dungeon Crawl Stone Soup version 0.17.0 (webtiles) character file.

261528 Eucla the Executioner (level 19, -4/274 HPs)
             Began as a Minotaur Berserker on Nov 21, 2015.
             Was a High Priest of Trog.
             Slain by an apocalypse crab (15 damage)
             ... on level 1 of the Abyss.
             The game lasted 01:13:58 (38222 turns).

Eucla the Executioner (Minotaur Berserker)         Turns: 38222, Time: 01:13:59

Health: -4/274     AC:  0    Str: 27    XL:     19   Next: 20%
Magic:  26/26      EV: 29    Int:  4    God:    Trog [*****.]
Gold:   175        SH:  0    Dex: 18    Spells: 0 memorised, 18 levels left

rFire  . . .     SeeInvis .     (weapon currently unavailable)
rCold  . . .     Clarity  .     (armour currently unavailable)
rNeg   . . .     SustAt   .     (shield currently unavailable)
rPois  .         Gourm    .     (helmet currently unavailable)
rElec  .         Spirit   .     (cloak currently unavailable)
rCorr  .         Warding  .     (gloves currently unavailable)
rMut   +         Stasis   .     (boots currently unavailable)
MR     +....                    X - amulet of resist mutation
Stlth  ..........               (ring currently unavailable)
                                (ring currently unavailable)

@: confused, berserking, pig-form (expiring), drained, very quick, somewhat
resistant to hostile enchantments, extremely unstealthy
A: (retaliatory headbutt), (horns 0)
a: Berserk, Trog's Hand, Brothers in Arms, Burn Spellbooks, Renounce Religion
}: 2/15 runes: serpentine, barnacled


You were on level 1 of the Abyss.
You worshipped Trog.
Trog was extremely pleased with you.
You were very full.
You were a filthy swine.
You visited 6 branches of the dungeon, and saw 36 of its levels.
You visited the Abyss 1 time.
You also visited: Labyrinth, Ossuary and Ice Cave.

You collected 3696 gold pieces.
You spent 3521 gold pieces at shops.

Inventory:

Hand Weapons
 u - a +3 antimagic executioner's axe
 v - a +8 battleaxe of freezing (melded)
Armour
 r - a +1 plate armour of poison resistance (melded)
 A - a +0 pair of boots of flying
 K - the +0 pair of gloves of the Iron Devil (melded) {rF+ Int+4}
   (You acquired it on level 8 of the Lair of Beasts)

   It affects your intelligence (+4).
   It protects you from fire.
 L - the cursed +0 pair of boots of Ujoub (melded) {*Drain +Blink MR+++ Dex+3}
   (You found it on level 3 of the Shoals)

   It affects your dexterity (+3).
   It affects your resistance to hostile enchantments.
   It lets you blink.
   It causes draining when unequipped.
   It has a curse placed upon it.
 O - a +0 cloak (melded)
 W - a +2 hat (melded)
Jewellery
 y - a +3 ring of dexterity (melded)
 J - an uncursed amulet of resist corrosion
 T - the amulet "Donamuitoas" {+Inv rF+ MR+ Regen+ Int-3}
   (You took it off a centaur on level 9 of the Dungeon)

   [amulet of regeneration]

   It affects your intelligence (-3).
   It protects you from fire.
   It affects your resistance to hostile enchantments.
   It lets you turn invisible.
   It increases your rate of regeneration.
 U - a ring of see invisible (melded)
 X - an amulet of resist mutation (around neck)
Wands
 f - a wand of digging (15)
 l - a wand of enslavement (12)
 m - a wand of teleportation (6)
 H - a wand of disintegration (20)
 I - a wand of heal wounds (5)
 P - a wand of invisibility (6)
Scrolls
 a - 2 scrolls of holy word
 e - 6 scrolls of teleportation
 i - 5 scrolls of identify
 k - 11 scrolls of enchant weapon
 n - 7 scrolls of immolation
 x - a scroll of magic mapping
 E - 7 scrolls of fog
 F - 2 scrolls of blinking
 G - 9 scrolls of remove curse
 M - 2 scrolls of recharging
 V - 3 scrolls of enchant armour
Potions
 b - 2 potions of cure mutation
 g - 5 potions of invisibility
 h - 14 potions of curing
 j - 2 potions of resistance
 p - 4 potions of magic
 t - 13 potions of haste
 w - a potion of heal wounds
 C - 3 potions of brilliance
 D - 8 potions of agility
 R - 9 potions of might
 S - 5 potions of berserk rage
 Y - a potion of cancellation
Miscellaneous
 d - a sack of spiders
 o - a sack of spiders
 q - a lamp of fire
 s - a disc of storms
 Q - a stone of tremors
 Z - a phial of floods
Comestibles
 c - 18 bread rations
 z - a beef jerky
 N - 11 meat rations


   Skills:
 - Level 19.2(18.7) Fighting
 - Level 21.3(20.7) Axes
 - Level 17.4(16.9) Armour
 - Level 16.3(15.8) Dodging
 + Level 11.6(11.1) Evocations


You had 18 spell levels left.
You didn't know any spells.

Dungeon Overview and Level Annotations

Branches:
Dungeon (15/15)            Temple (0/1) D:5            Lair (8/8) D:8
 Shoals (4/4) Lair:5        Snake (4/4) Lair:5        Slime (0/6) Lair:6
    Orc (4/4) D:10            Elf (1/3) Orc:3        Vaults (0/5) D:14
 Depths (0/5) D:15

Altars:
Dithmenos
Fedhas
Gozag
Makhleb
Nemelex Xobeh
Ru
Sif Muna
Trog
Vehumet
Yredelemnul
Zin
The Shining One
Beogh
Jiyva

Shops:
D:5 *   D:6 :   D:9 !   D:10 (   Orc:4 :**[   Shoals:1 %   Shoals:3 [[*}%
Shoals:4 [   Snake:2 *


Innate Abilities, Weirdness & Mutations

((You reflexively headbutt those who attack you in melee.))
((You have a pair of horns on your head.))


Message History

Something shocks you!
* * * LOW HITPOINT WARNING * * *
Something hits you!
* * * LOW HITPOINT WARNING * * *
Something shocks you!
* * * LOW HITPOINT WARNING * * *
Something barely misses you. Something misses you.
Unknown command.
You're too confused to move!
You feel a strong urge to attack something.
Your transformation is almost over.
Something barely misses you. Something bites you.
* * * LOW HITPOINT WARNING * * *
Something shocks you!
* * * LOW HITPOINT WARNING * * *
Something closely misses you.
Unknown command.
You bump into the crystal wall.
Something closely misses you. Something claws you!
You die...

##...≈≈.# .. ### ≈≈# .
.# ## ## ##. .≈≈# #.
..#.##. ##.#.##... .
...#.#....###..#.≈#...
. ....#..§###...##..#
#... #......#..##.###
.#. #....$.{{#§#.#
##.♣ .#.#.h# §#.. ≈ .#
# ###...#.#. . . ...#
.## .# ##.#.# .... ..#
#.# .#


There were no monsters in sight!

Vanquished Creatures
  Vashnia (Snake:3)
  Nikola (Shoals:1)
  Rupert (Orc:4)
  3 krakens
  9 greater nagas
  Louise (Shoals:1)
  An orc warlord (Orc:4)
  The ghost of Eucla the Carver, a journeyman OpFi of Dithmenos (D:12)
  Nessos (Orc:4)
  The ghost of Eucla the Grappler, a journeyman TrMo of Ru (Lair:4)
  4 vault guards (D:14)
  Snorg (Lair:6)
  4 merfolk javelineers
  A minotaur (Lab)
  8 merfolk impalers
  15 naga warriors
  A hydra (Lair:8)
  21 anacondas
  2 alligator snapping turtles (Shoals:4)
  3 merfolk avatars
  3 merfolk aquamancers
  4 centaur warriors
  A satyr (Shoals:3)
  A tengu warrior (D:14)
  A thrashing horror (Abyss:1)
  4 orc high priests (Orc:4)
  A vampire mage (D:15)
  13 naga sharpshooters
  10 shock serpents
  5 unseen horrors
  5 salamander mystics
  A sun demon (Abyss:1)
  2 skeletal warriors (D:15)
  A kraken simulacrum (Shoals:4)
  5 hill giants
  6 harpies
  11 sea snakes
  4 orc knights (Orc:4)
  4 lindwurms (Snake:4)
  2 necromancers
  A deep elf conjurer (Elf:1)
  16 mana vipers
  5 orc sorcerers
  5 ugly things
  8 naga ritualists
  4 fauns
  4 griffons
  An oklob plant (Lair:5)
  A wolf spider zombie (D:14)
  3 cyclopes
  2 large abominations (Abyss:1)
  8 water nymphs
  8 salamanders
  12 elephants
  A manticore (Shoals:4)
  13 slime creatures
  55 black mambas
  A hornet (D:15)
  A spriggan zombie (D:15)
  8 guardian serpents
  6 sirens
  3 gargoyles
  26 naga magi
  Psyche (D:8)
  2 kobold demonologists
  14 spiny frogs
  6 small abominations
  7 komodo dragons
  A deep elf priest (Elf:1)
  2 spriggan druids (Lair:8)
  3 fire drakes
  9 freezing wraiths (IceCv)
  44 merfolk
  3 wind drakes (Shoals:4)
  9 polar bears
  6 trolls
  A queen bee (Lair:6)
  A harpy zombie (D:15)
  5 two-headed ogres
  A fire dragon zombie (D:15)
  The ghost of Eucla the Slasher, an amateur OpFi of Dithmenos (Ossuary)
  26 blink frogs
  A harpy skeleton (D:14)
  2 raiju (Abyss:1)
  2 shadows (D:15)
  2 trapdoor spiders
  54 yaks
  12 spriggans (Lair:8)
  13 snapping turtles
  A deep troll skeleton (D:15)
  2 wyverns
  4 redbacks (Lair:8)
  8 water elementals
  A vampire (D:14)
  2 deep elf magi
  4 deep elf fighters
  2 neqoxecs (Abyss:1)
  3 hungry ghosts
  4 basilisks
  A steam dragon (Lair:5)
  2 wraiths (D:9)
  22 wolves
  52 nagas
  3 mottled dragons
  14 hippogriffs
  19 water moccasins
  A soldier ant (D:8)
  An insubstantial wisp (Lair:1)
  A vampire mosquito (Lair:1)
  Duvessa (D:4)
  38 orc warriors
  14 porcupines
  4 phantoms
  3 necrophages (D:9)
  6 black bears (Lair:8)
  18 ice beasts
  6 sky beasts
  5 wasps
  12 centaurs
  10 ogres
  20 crocodiles
  A big kobold (D:11)
  20 giant frogs
  Blork the orc (D:4)
  2 elf zombies
  A brain worm (D:8)
  A wyvern zombie (D:14)
  6 scorpions
  4 water moccasin zombies (Ossuary)
  Dowan (D:4)
  A wyvern skeleton (D:8)
  7 electric eels
  33 killer bees
  13 wights
  4 lava snakes (Lab)
  10 crimson imps
  A giant frog zombie (D:12)
  19 orc wizards
  2 quasits (Abyss:1)
  3 centaur zombies
  10 hounds
  6 draconian simulacra (IceCv)
  2 giant frog skeletons
  5 human zombies (D:9)
  6 jellies
  29 orc priests
  7 centaur skeletons
  14 iguanas
  A human skeleton (D:9)
  A spriggan simulacrum (IceCv)
  2 troll simulacra (IceCv)
  11 worker ants
  2 polar bear simulacra (IceCv)
  2 wolf simulacra (IceCv)
  2 big kobold zombies (Ossuary)
  22 sheep
  2 centaur simulacra
  2 hound zombies
  A worker ant zombie (D:5)
  2 hound skeletons
  3 mummies
  43 river rats
  22 adders
  5 ogre simulacra (IceCv)
  5 gnolls
  5 naga simulacra (IceCv)
  14 white imps
  3 shadow imps
  2 ufetubi
  An ooze (D:3)
  2 adder skeletons
  7 adder zombies
  7 worms
  8 giant geckos
  139 orcs
  4 giant cockroaches
  4 gnoll zombies (Ossuary)
  3 goblins
  11 hobgoblins
  10 jackals
  3 quokkas (D:3)
  3 ball pythons
  8 bats
  A giant gecko zombie (D:8)
  6 giant newts
  6 hobgoblin zombies (Ossuary)
  8 kobolds
  5 kobold zombies (Ossuary)
  8 orc zombies
  A quokka skeleton (D:4)
  2 quokka zombies
  8 rats
  A crawling corpse (Elf:1)
  8 fungi
  8 plants
  4 tentacles
1505 creatures vanquished.

Vanquished Creatures (collateral kills)
  Ilsuiw (Shoals:4)
  2 merfolk javelineers (Shoals:4)
  7 merfolk impalers (Shoals:4)
  10 hydras
  3 naga sharpshooters (Snake:3)
  Sonja (D:11)
  A black mamba (Snake:4)
  An ice statue (IceCv)
  A fire drake (Lair:4)
  2 merfolk (Shoals:4)
  A freezing wraith (IceCv)
  2 blink frogs
  An orc warrior (Orc:4)
  2 porcupines
  2 ice beasts (Lair:8)
  A wight (D:11)
  A white imp (IceCv)
39 creatures vanquished.

Vanquished Creatures (others)
  A merfolk aquamancer (Shoals:4)
  20 fungi
  10 plants
  9 tentacles
  27 tentacle segments
67 creatures vanquished.

Grand Total: 1611 creatures vanquished

Notes
Turn   | Place    | Note
--------------------------------------------------------------
     0 | D:1      | Eucla the Minotaur Berserker began the quest for the Orb.
     0 | D:1      | Reached XP level 1. HP: 19/19 MP: 0/0
   156 | D:1      | Reached skill level 4 in Axes
   165 | D:1      | Reached XP level 2. HP: 21/27 MP: 1/1
   528 | D:1      | Reached XP level 3. HP: 33/33 MP: 2/2
   629 | D:2      | Reached ** piety under Trog
   699 | D:2      | Found a glowing silver altar of Zin.
  1050 | D:2      | Noticed a moth of wrath
  1053 | D:2      | Found a bloodstained altar of Trog.
  1244 | D:2      | Found a burning altar of Makhleb.
  1244 | D:2      | Found a glowing golden altar of the Shining One.
  1264 | D:2      | Reached XP level 4. HP: 36/40 MP: 3/3
  1283 | D:2      | Reached skill level 5 in Axes
  1589 | D:3      | Found a burning altar of Makhleb.
  1594 | D:3      | Reached *** piety under Trog
  2202 | D:3      | Reached XP level 5. HP: 35/47 MP: 4/4
  2337 | D:3      | Reached **** piety under Trog
  2388 | D:3      | Reached skill level 6 in Axes
  2560 | D:4      | Noticed a phantom
  2572 | D:4      | Reached skill level 5 in Fighting
  2572 | D:4      | Reached XP level 6. HP: 46/56 MP: 5/5
  2609 | D:4      | Killed a phantom
  2611 | D:4      | Noticed Blork the orc
  2622 | D:4      | Killed Blork the orc
  2652 | D:4      | Reached skill level 7 in Axes
  2652 | D:4      | Reached XP level 7. HP: 59/61 MP: 6/6
  2665 | D:4      | Found a sand-covered staircase.
  2671 | Ossuary  | Entered an ossuary
  3080 | Ossuary  | Noticed Eucla's ghost (amateur OpFi)
  3102 | Ossuary  | Killed Eucla's ghost
  3102 | Ossuary  | Reached skill level 8 in Axes
  3102 | Ossuary  | Reached skill level 5 in Armour
  3102 | Ossuary  | Reached XP level 8. HP: 70/70 MP: 7/7
  3147 | Ossuary  | Reached skill level 5 in Dodging
  3251 | D:4      | Noticed Duvessa
  3252 | D:4      | Noticed Dowan
  3260 | D:4      | Killed Dowan
  3264 | D:4      | Killed Duvessa
  3320 | D:4      | Noticed an ogre
  3330 | D:4      | Killed an ogre
  3568 | D:4      | Reached skill level 9 in Axes
  3883 | D:5      | Entered Level 5 of the Dungeon
  3910 | D:5      | Found Payfuju's General Store.
  3918 | D:5      | Bought a scroll of remove curse for 33 gold pieces
  3918 | D:5      | Bought a scroll of noise for 11 gold pieces
  3918 | D:5      | Bought a royal jelly for 22 gold pieces
  3918 | D:5      | Bought a scroll of torment for 82 gold pieces
  3918 | D:5      | Bought a scroll of teleportation for 33 gold pieces
  3918 | D:5      | Bought a potion of curing for 33 gold pieces
  3930 | D:5      | Found a shadowy altar of Dithmenos.
  3989 | D:5      | Found a staircase to the Ecumenical Temple.
  4033 | D:5      | Found a sparkling altar of Nemelex Xobeh.
  4179 | D:5      | Found a deep blue altar of Sif Muna.
  4471 | D:6      | Found a sacrificial altar of Ru.
  4495 | D:6      | Found Yfewk's Book Emporium.
  4870 | D:6      | Found an opulent altar of Gozag.
  4871 | D:6      | Found a blossoming altar of Fedhas.
  5089 | D:7      | Reached XP level 9. HP: 79/79 MP: 8/8
  5134 | D:7      | Reached skill level 10 in Axes
  5226 | D:7      | Reached ***** piety under Trog
  5972 | D:8      | Noticed Psyche
  5980 | D:8      | Killed Psyche
  5980 | D:8      | Reached skill level 11 in Axes
  6056 | D:8      | Found a staircase to the Lair.
  6056 | D:8      | Noticed a fire drake
  6069 | D:8      | Killed a fire drake
  6358 | D:8      | Received a gift from Trog
  6371 | D:8      | Reached XP level 10. HP: 54/90 MP: 9/9
  6676 | D:8      | Found a radiant altar of Vehumet.
  6978 | Lair:1   | Entered Level 1 of the Lair of Beasts
  6986 | Lair:1   | Reached skill level 12 in Axes
  7045 | Lair:1   | Noticed a black mamba
  7053 | Lair:1   | Killed a black mamba
  7263 | Lair:1   | Noticed an elephant
  7263 | Lair:1   | Noticed an elephant
  7263 | Lair:1   | Noticed an elephant
  7265 | Lair:1   | Noticed an elephant
  7275 | Lair:1   | Killed an elephant
  7284 | Lair:1   | Killed an elephant
  7305 | Lair:1   | Killed an elephant
  7309 | Lair:1   | Killed an elephant
  7592 | Lair:1   | Reached skill level 13 in Axes
  7692 | Lair:1   | Identified Sif Muna's Grimoire of Calling
  7734 | Lair:1   | Noticed a four-headed hydra
  7751 | Lair:1   | Killed a seven-headed hydra
  7751 | Lair:1   | Reached XP level 11. HP: 20/97 MP: 10/10
  7912 | Lair:1   | Noticed a seven-headed hydra
  7919 | Lair:1   | Killed an eight-headed hydra
  8371 | Lair:1   | Noticed a black mamba
  8376 | Lair:1   | Killed a black mamba
  8376 | Lair:1   | Reached skill level 10 in Fighting
  8793 | Lair:1   | Reached skill level 14 in Axes
  8796 | Lair:1   | Reached skill level 10 in Armour
  9295 | Lair:2   | Noticed a four-headed hydra
  9299 | Lair:2   | Killed a five-headed hydra
  9611 | Lair:5   | Received a gift from Trog
  9719 | Lair:5   | Got a fine longbow {god gift}
  9852 | Lair:6   | Noticed a five-headed hydra
  9861 | Lair:6   | Killed a seven-headed hydra
  9861 | Lair:6   | Reached XP level 12. HP: 56/110 MP: 11/11
 10055 | Lair:6   | Noticed Snorg
 10056 | Lair:6   | Noticed an eight-headed hydra
 10062 | Lair:6   | Killed Snorg
 10063 | Lair:6   | Killed a nine-headed hydra
 10063 | Lair:6   | Reached skill level 15 in Axes
 10063 | Lair:6   | Reached skill level 10 in Dodging
 10135 | Lair:6   | You fall through a shaft for 2 floors!
 10135 | Lair:8   | Entered Level 8 of the Lair of Beasts
 10292 | Lair:8   | Noticed a four-headed hydra
 10301 | Lair:8   | Killed a seven-headed hydra
 10309 | Lair:8   | Found a frozen archway.
 10332 | IceCv    | Entered an ice cave
 10567 | IceCv    | Identified a scroll of acquirement
 10570 | IceCv    | Got an encrusted shield
 10581 | IceCv    | Identified the -1 shield of Leapfrog {*Confuse rC+ MP+9 Int+7} (You acquired it in an ice cave)
 11643 | IceCv    | Found an ancient bone altar of Kikubaaqudgha.
 11825 | IceCv    | Reached skill level 16 in Axes
 12255 | Lair:7   | Found a labyrinth entrance.
 12266 | Lab      | Entered a labyrinth
 13070 | Lab      | Noticed a minotaur
 13078 | Lab      | Killed a minotaur
 13857 | Lair:3   | Reached XP level 13. HP: 101/118 MP: 12/12
 14332 | Lair:4   | Noticed Eucla's ghost (journeyman TrMo)
 14352 | Lair:4   | Killed Eucla's ghost
 14759 | Lair:4   | Noticed a five-headed hydra
 14788 | Lair:4   | Killed a five-headed hydra
 15407 | Lair:5   | Found a staircase to the Snake Pit.
 15424 | Lair:5   | Received a gift from Trog
 15426 | Lair:5   | Reached skill level 17 in Axes
 16092 | Lair:5   | Got a heavily runed iron ring
 16101 | Lair:5   | Identified the ring "Sath" {+/*Tele rC+ Str+3} (You found it on level 5 of the Lair of Beasts)
 16214 | Lair:5   | Found a staircase to the Shoals.
 16575 | Lair:6   | Received a gift from Trog
 16587 | Lair:6   | Found a staircase to the Slime Pits.
 16588 | Lair:6   | Found a viscous altar of Jiyva.
 16827 | Lair:6   | Noticed a five-headed hydra
 16835 | Lair:6   | Killed a six-headed hydra
 17299 | Lair:7   | Reached XP level 14. HP: 129/129 MP: 13/13
 17321 | Lair:7   | Noticed a six-headed hydra
 17331 | Lair:7   | Killed a seven-headed hydra
 17638 | Lair:7   | Reached skill level 18 in Axes
 17894 | Lair:7   | Received a gift from Trog
 18731 | Lair:8   | Received a gift from Trog
 18799 | Lair:8   | Got a pair of ancient gloves
 18810 | Lair:8   | Identified the +0 pair of gloves of the Iron Devil {rF+ Int+4} (You acquired it on level 8 of the Lair of Beasts)
 18974 | Lair:8   | Noticed a six-headed hydra
 18986 | Lair:8   | Killed an eight-headed hydra
 19367 | D:9      | Found Coesa's Distillery.
 19379 | D:9      | Bought a potion of agility for 56 gold pieces
 19379 | D:9      | Bought a potion of haste for 140 gold pieces
 19379 | D:9      | Bought a potion of flight for 42 gold pieces
 19379 | D:9      | Bought a potion of curing for 42 gold pieces
 19379 | D:9      | Bought a potion of might for 56 gold pieces
 19379 | D:9      | Bought a potion of degeneration for 14 gold pieces
 19379 | D:9      | Bought a potion of mutation for 35 gold pieces
 19478 | D:9      | Got a flickering silver amulet
 19583 | D:9      | Identified the amulet "Donamuitoas" {+Inv rF+ MR+ Regen+ Int-3} (You took it off a centaur on level 9 of the Dungeon)
 19951 | D:9      | Found a basalt altar of Yredelemnul.
 19957 | D:9      | Reached skill level 19 in Axes
 20636 | D:10     | Entered Level 10 of the Dungeon
 20890 | D:10     | Found Qicvuvak's Antique Weapon Boutique.
 21074 | D:10     | Found a staircase to the Orcish Mines.
 21159 | Orc:1    | Entered Level 1 of the Orcish Mines
 21252 | Orc:2    | Found a bloodstained altar of Trog.
 21744 | Orc:3    | Found a staircase to the Elven Halls.
 21898 | Orc:4    | Entered Level 4 of the Orcish Mines
 21898 | Orc:4    | Noticed Rupert
 21915 | Orc:4    | Killed Rupert
 22157 | Orc:4    | Noticed an orc warlord
 22185 | Orc:4    | Killed an orc warlord
 22185 | Orc:4    | Reached XP level 15. HP: 138/138 MP: 14/14
 22278 | Orc:4    | Received a gift from Trog
 22474 | Orc:4    | Found a roughly hewn altar of Beogh.
 22533 | Orc:4    | Found Qoliop's Book Shoppe.
 22631 | Orc:4    | Found Raiv's Assorted Antiques.
 22662 | Orc:4    | Bought a scroll of enchant weapon for 255 gold pieces
 22662 | Orc:4    | Bought a scroll of identify for 68 gold pieces
 22732 | Orc:4    | Noticed Nessos
 22767 | Orc:4    | Killed Nessos
 23094 | Orc:4    | Reached ****** piety under Trog
 23103 | Orc:4    | Received a gift from Trog
 23126 | Orc:4    | Found Usahoweo's Armour Emporium.
 23131 | Orc:4    | Bought a +0 pair of boots of flying for 161 gold pieces
 23146 | Orc:4    | Found a roughly hewn altar of Beogh.
 23173 | Orc:4    | Paralysed by an orc sorcerer for 2 turns
 23252 | Orc:4    | Found Inoig Bugiubb's General Store.
 23267 | Orc:4    | Bought a scroll of teleportation for 51 gold pieces
 23267 | Orc:4    | Bought an uncursed amulet of resist mutation for 680 gold pieces
 23267 | Orc:4    | Bought a potion of curing for 51 gold pieces
 23812 | D:11     | Found a glowing golden altar of the Shining One.
 23942 | D:11     | Noticed Sonja
 24115 | D:11     | Killed Sonja
 24653 | D:12     | Noticed Eucla's ghost (journeyman OpFi)
 24677 | D:12     | Killed Eucla's ghost
 25651 | D:13     | Reached skill level 20 in Axes
 26028 | D:14     | Found a gate to the Vaults.
 26136 | D:14     | Reached skill level 15 in Fighting
 26195 | D:14     | Received a gift from Trog
 26785 | D:15     | Entered Level 15 of the Dungeon
 26915 | D:15     | Received a gift from Trog
 27066 | D:15     | Found a staircase to the Depths.
 27077 | D:15     | Reached skill level 15 in Armour
 27077 | D:15     | Reached XP level 16. HP: 106/149 MP: 15/15
 28213 | Snake:1  | Entered Level 1 of the Snake Pit
 28539 | Snake:1  | Received a gift from Trog
 28543 | Snake:1  | Reached skill level 21 in Axes
 28659 | Snake:1  | Got a scorched hand axe {god gift}
 28661 | Snake:1  | Identified the +10 hand axe of Superiority {drain, rF+ Str+4 Int+4 Dex-2} (Trog gifted it to you on level 1 of the Snake Pit)
 29561 | Snake:2  | Received a gift from Trog
 29794 | Snake:2  | Found Moqoes's General Store.
 29805 | Snake:2  | Reached skill level 15 in Dodging
 29810 | Snake:2  | Bought 2 potions of haste for 400 gold pieces
 30217 | Snake:3  | Reached XP level 17. HP: 158/160 MP: 16/16
 30222 | Snake:3  | Noticed Vashnia
 30253 | Snake:3  | Killed Vashnia
 30842 | Snake:3  | Received a gift from Trog
 31007 | Snake:4  | Entered Level 4 of the Snake Pit
 32241 | Snake:4  | Received a gift from Trog
 32500 | Snake:4  | Reached XP level 18. HP: 168/176 MP: 17/17
 32747 | Snake:4  | Got a serpentine rune of Zot
 33114 | Snake:4  | Reached skill level 1 in Evocations
 33325 | Shoals:1 | Entered Level 1 of the Shoals
 33340 | Shoals:1 | Noticed Nikola
 33357 | Shoals:1 | Killed Nikola
 33391 | Shoals:1 | Found Ihoil's Food Boutique.
 33495 | Shoals:1 | Noticed Louise
 33510 | Shoals:1 | Killed Louise
 33510 | Shoals:1 | Received a gift from Trog
 33558 | Shoals:1 | Got a transparent battleaxe {god gift}
 33559 | Shoals:1 | Identified the +1 battleaxe "Jiuwurgh" {freeze, Int+3 Dex+3} (Trog gifted it to you on level 1 of the Shoals)
 33878 | Shoals:1 | Reached skill level 5 in Evocations
 34768 | Shoals:2 | Received a gift from Trog
 35137 | Shoals:3 | Found Jailyugh's General Store.
 35278 | Shoals:3 | Bought a scroll of summoning for 161 gold pieces
 35278 | Shoals:3 | Bought a scroll of enchant weapon for 127 gold pieces
 35278 | Shoals:3 | Bought a scroll of recharging for 161 gold pieces
 35278 | Shoals:3 | Bought a scroll of enchant weapon for 127 gold pieces
 35314 | Shoals:3 | Found Joweumes's Gadget Emporium.
 35397 | Shoals:3 | Got a pair of twisted boots
 35398 | Shoals:3 | Identified the cursed +0 pair of boots of Ujoub {*Drain +Blink MR+++ Dex+3} (You found it on level 3 of the Shoals)
 35422 | Shoals:3 | Bought a lamp of fire for 680 gold pieces
 35480 | Shoals:3 | Found Hugigg's Food Boutique.
 35626 | Shoals:3 | Found Uxel's Antique Armour Boutique.
 35699 | Shoals:3 | Found Suwneeb's Antique Armour Boutique.
 35940 | Shoals:4 | Entered Level 4 of the Shoals
 36066 | Shoals:4 | HP: 7/176 [drowned by a water nymph (10)]
 36441 | Shoals:4 | Noticed Ilsuiw
 36452 | Shoals:4 | Killed Ilsuiw
 36453 | Shoals:4 | Reached skill level 10 in Evocations
 36462 | Shoals:4 | Received a gift from Trog
 36562 | Shoals:4 | Found Funyfera's Antique Armour Boutique.
 36776 | Shoals:4 | Reached XP level 19. HP: 154/183 MP: 25/25
 37390 | Shoals:4 | Got a barnacled rune of Zot
 37897 | Elf:1    | Entered Level 1 of the Elven Halls
 37920 | Elf:1    | Cast into the Abyss (a deep elf demonologist)
 38215 | Abyss:1  | Paralysed by you for 4 turns
 38221 | Abyss:1  | HP: 11/274 [something (10)]
 38222 | Abyss:1  | Slain by an apocalypse crab

Action                   |  1- 3 |  4- 6 |  7- 9 | 10-12 | 13-15 | 16-18 | 19-21 || total
-------------------------+-------+-------+-------+-------+-------+-------+-------++-------
Melee: Hand axe          |    83 |   133 |   365 |     1 |       |       |       ||   582
       Battleaxe         |       |       |       |   426 |   429 |  1201 |   126 ||  2182
       Broad axe         |       |       |       |       |  1165 |       |       ||  1165
Invok: Berserk           |       |     2 |     5 |     2 |     7 |     5 |       ||    21
       Trog's Hand       |       |     1 |     3 |     3 |     3 |     9 |       ||    19
       Brothers in Arms  |       |       |       |    12 |    12 |     8 |     1 ||    33
       Burn Spellbooks   |       |       |       |     5 |     2 |       |       ||     7
Evoke: Wand              |       |       |       |       |     1 |     8 |       ||     9
       Phial of floods   |       |       |       |       |       |     1 |       ||     1
  Use: Scroll            |       |       |       |    24 |    11 |    19 |     2 ||    56
       Potion            |       |       |       |       |     1 |    16 |       ||    17
 Stab: Sleeping          |     2 |     2 |     3 |       |     2 |       |       ||     9
       Distracted        |       |       |       |     1 |       |     1 |       ||     2
  Eat: Chunk             |     1 |     6 |     7 |     5 |    19 |     8 |       ||    46
       Bread ration      |       |       |     2 |       |       |       |       ||     2
       Beef jerky        |       |       |     1 |     4 |     2 |     2 |       ||     9
       Pizza             |       |       |       |     4 |     1 |     4 |       ||     9
       Fruit             |       |       |       |     3 |     4 |     7 |       ||    14
       Royal jelly       |       |       |       |     8 |    16 |       |       ||    24
       Meat ration       |       |       |       |       |       |     7 |     2 ||     9
